 Dungeon Crawl Stone Soup version 0.28.0-45-g0d030f2227 (webtiles) character file.

Game seed: 6594165238184165765

1838 protoss039 the Skirmisher (level 8, -4/64 HPs)
             Began as a Demonspawn Earth Elementalist on May 20, 2022.
             Was a Follower of Vehumet.
             Slain by an orc warrior
             ... wielding a +0 hand axe
              (11 damage)
             ... on level 8 of the Dungeon.
             The game lasted 00:10:08 (8101 turns).

protoss039 the Skirmisher (DsEE)                    Turns: 8101, Time: 00:10:09

Health: -4/64      AC:  4    Str:  9    XL:     8   Next: 87%
Magic:  8/16       EV: 12    Int: 19    God:    Vehumet [*.....]
Gold:   403        SH:  0    Dex: 13    Spells: 9/18 levels left

rFire   . . .      SeeInvis .   a - +1 short sword (venom)
rCold   . . .      Faith    .   (no shield)
rNeg    . . .      Spirit   .   b - +0 robe
rPois   .          Reflect  .   (helmet restricted)
rElec   .          Harm     .   i - +0 cloak
rCorr   .          Rampage  .   (no gloves)
Will    .....                   j - +0 pair of boots
Stlth   ++........              u - amulet of regeneration
HPRegen 1.00/turn               (no ring)
MPRegen 0.15/turn               (no ring)

@: no status effects
A: horns 2, powered by pain 2
a: Renounce Religion


You were on level 8 of the Dungeon.
You worshipped Vehumet.
Vehumet was aware of your devotion.
You visited 2 branches of the dungeon, and saw 9 of its levels.

You collected 403 gold pieces.

Inventory:

Hand Weapons
 a - a +1 short sword of venom (weapon)
Missiles
 c - 164 stones
Armour
 b - a +0 robe (worn)
 i - a +0 cloak (worn)
 j - a +0 pair of boots (worn)
Jewellery
 k - an amulet of magic regeneration
 t - a ring of fire
 u - an amulet of regeneration (around neck)
Scrolls
 d - 2 scrolls of acquirement {unknown}
 f - a scroll of summoning {unknown}
 g - 2 scrolls of noise {unknown}
 m - a scroll of magic mapping {unknown}
 n - 2 scrolls of fear {unknown}
 o - 2 scrolls of identify {unknown}
 p - 2 scrolls of enchant weapon {unknown}
 q - 3 scrolls of vulnerability {unknown}
 r - a scroll of brand weapon {unknown}
 v - 5 scrolls of teleportation
Potions
 e - a potion of might {unknown}
 h - a potion of invisibility {unknown}
 l - 2 potions of curing {unknown}
 s - a potion of heal wounds {unknown}


   Skills:
 - Level 6.0 Fighting
 - Level 1.7 Dodging
 - Level 1.7 Stealth
 + Level 5.7 Spellcasting
 + Level 5.6 Conjurations
 - Level 1.0 Transmutations
 + Level 5.3 Earth Magic


You had 9 spell levels left.
You knew the following spells:

 Your Spells              Type           Power      Damage    Failure   Level
a - Sandblast             Erth           50%        2d12      1%          1
b - Passwall              Tmut/Erth      14%        N/A       4%          2
c - Stone Arrow           Conj/Erth      52%        3d10      3%          3
g - Mephitic Cloud        Conj/Pois/Air  12%        N/A       16%         3

Your spell library contained the following spells:

 Spells                   Type           Power      Damage    Failure   Level
 Magic Dart               Conj           100%       1d8       1%          1
 Conjure Flame            Conj/Fire      16%        6-21      11%         3
 Summon Small Mammal      Summ           20%        N/A       12%         1
 Corpse Rot               Necr/Air       10%        N/A       17%         2
 Poisonous Vapours        Pois/Air       10%        N/A       17%         2
 Ignite Poison            Fire/Tmut/Pois 6%         N/A       30%         3
 Petrify                  Tmut/Erth      17%        N/A       30%         4
 Call Canine Familiar     Summ           5%         N/A       34%         3
 Portal Projectile        Hex/Tloc       10%        N/A       34%         3
 Summon Guardian Golem    Hex/Summ       5%         N/A       34%         3
 Tukima's Dance           Hex            5%         N/A       34%         3
 Sticky Flame             Conj/Fire      16%        2d4       34%         4
 Passage of Golubria      Tloc           5%         N/A       75%         4
 Freezing Cloud           Conj/Ice/Air   6%         6-21      83%         5
 Blade Hands              Tmut           4%         N/A       91%         5
 Yara's Violent Unravell  Hex/Tmut       3%         3d4       95%         5
 Excruciating Wounds      Necr           2%         N/A       97%         5


Dungeon Overview and Level Annotations

Branches:
Dungeon (8/15)             Temple (1/1) D:6
   Lair: D:8-11

Altars:
Ashenzari
Cheibriados
Dithmenos
Fedhas
Gozag
Hepliaklqana
Kikubaaqudgha
Makhleb
Nemelex Xobeh
Okawaru
Qazlal
Ru
Sif Muna
Trog
Vehumet
Wu Jian
Xom
Yredelemnul
Zin
The Shining One


Innate Abilities, Weirdness & Mutations

You have a pair of horns on your head.
You sometimes gain power by taking damage.


Message History

A gnoll sergeant, an orc priest and an orc come into view.
The gnoll sergeant shouts!
The orc priest shouts!
The orc shouts!
You hear a shout!
A gnoll comes into view. It is wielding a +0 halberd.
The orc wizard barely misses you. The orc closely misses you.
An orc comes into view. It is wielding a +0 hand axe.
A gnoll comes into view. It is wielding a +0 halberd.
The orc warrior barely misses you.
Unknown command.
Unknown command.
Okay, then.
Unknown command.
You are too confused!
You bump into the rock wall.
The orc wizard closely misses you.
The orc warrior hits you with a +0 hand axe.
Unknown command.
Unknown command.
You bump into the rock wall.
The orc wizard hits you with a +0 dagger.
The orc warrior hits you with a +0 hand axe!
An orc wizard comes into view. It is wielding a +0 dagger.
Unknown command.
You barely miss the orc wizard.
The orc wizard hits you with a +0 dagger.
The gnoll sergeant barely misses you. The orc barely misses you.
The orc warrior hits you with a +0 hand axe.
The orc wizard hits you with a +0 dagger.
Unknown command.
You bump into the rock wall.
You feel less confused.
The gnoll sergeant hits you from afar with a +0 trident!
The orc barely misses you.
The orc warrior hits you with a +0 hand axe!
* * * LOW HITPOINT WARNING * * *
The orc wizard casts a spell at you. The magic dart hits you.
* * * LOW HITPOINT WARNING * * *
Unknown command.
The orc warrior hits you with a +0 hand axe!
You die...

#.# #..........
#.######.#####.##
#...............
#.#####.........
##.#####..#####.#
<.........#
..........#####
##.#####......#
#.@###.# #oo#
#.o# #go#
.gg...goo..#
.g###.o....o.o.
#...#####o# .....
##..##


You could see an orc warrior, a gnoll sergeant, an orc priest, 2 orc wizards, a
gnoll and 3 orcs.

Vanquished Creatures
  Menkaure (D:7)
  An ice beast (D:5)
  An orc warrior (D:7)
  An ogre (D:3)
  A phantom (D:6)
  4 bullfrogs (D:7)
  A water moccasin zombie (D:5)
  3 water moccasin skeletons
  A wyvern skeleton (D:6)
  2 howler monkeys
  A centaur zombie (D:6)
  A jelly (D:5)
  3 orc priests (D:5)
  2 hounds
  A centaur skeleton (D:7)
  4 iguanas
  A bullfrog skeleton (D:6)
  Crazy Yiuf (D:2)
  5 orc wizards
  A hound zombie (D:5)
  A hound skeleton (D:4)
  2 howler monkey zombies (D:6)
  7 gnolls
  4 adders
  A shadow imp (D:5)
  2 white imps
  3 ufetubi (D:5)
  3 worms (D:3)
  2 dart slugs
  11 orcs
  10 ball pythons
  3 bats
  6 endoplasms
  2 giant cockroaches
  10 goblins
  6 hobgoblins
  3 jackals (D:2)
  4 kobolds
  7 quokkas
  6 frilled lizards
  2 goblin skeletons (D:4)
  A goblin zombie (D:4)
  2 hobgoblin zombies (D:4)
  A kobold skeleton (D:4)
  A kobold zombie (D:4)
  An orc skeleton (D:4)
  2 orc zombies (D:4)
  5 rats
144 creatures vanquished.

Notes
Turn   | Place    | Note
-------+----------+-------------------------------------------
     0 | D:1      | protoss039 the Demonspawn Earth Elementalist began the
                  | quest for the Orb.
     0 | D:1      | Reached XP level 1. HP: 13/13 MP: 3/3
    99 | D:1      | Reached skill level 1 in Transmutations
   158 | D:1      | Reached skill level 1 in Fighting
   247 | D:1      | Gained mutation: You have a pair of small horns on your
                  | head. [demonic ancestry]
   247 | D:1      | Reached XP level 2. HP: 16/21 MP: 5/5
   330 | D:1      | Found a faded altar of an unknown god.
   812 | D:1      | Gained mutation: You sometimes gain a little power by
                  | taking damage. [demonic ancestry]
   812 | D:1      | Reached XP level 3. HP: 16/27 MP: 6/6
  1043 | D:1      | Reached skill level 2 in Fighting
  1195 | D:1      | Learned a level 2 spell: Passwall
  1199 | D:1      | Learned a level 3 spell: Stone Arrow
  1950 | D:2      | Found a runed translucent door.
  1951 | D:2      | Noticed Crazy Yiuf
  1993 | D:2      | Reached XP level 4. HP: 34/34 MP: 7/7
  2203 | D:2      | Killed Crazy Yiuf
  2543 | D:3      | Reached skill level 1 in Conjurations
  2845 | D:3      | Reached skill level 3 in Fighting
  2850 | D:3      | Gained mutation: You have a pair of horns on your head.
                  | [demonic ancestry]
  2850 | D:3      | Reached XP level 5. HP: 41/41 MP: 6/9
  3464 | D:4      | Noticed an ogre
  4210 | D:3      | Killed an ogre
  4211 | D:3      | Gained mutation: You sometimes gain power by taking damage.
                  | [demonic ancestry]
  4211 | D:3      | Reached XP level 6. HP: 13/47 MP: 8/11
  4493 | D:5      | Entered Level 5 of the Dungeon
  4689 | D:5      | Noticed an ice beast
  4692 | D:5      | Killed an ice beast
  4792 | D:5      | Reached XP level 7. HP: 37/53 MP: 10/13
  4860 | D:5      | Reached skill level 4 in Fighting
  6366 | D:6      | Found a staircase to the Ecumenical Temple.
  6454 | Temple   | Entered the Ecumenical Temple
  6652 | Temple   | Became a worshipper of Vehumet
  6693 | D:6      | Found a sparkling altar of Nemelex Xobeh.
  6880 | D:6      | Reached XP level 8. HP: 61/61 MP: 5/15
  7034 | D:6      | Reached skill level 5 in Spellcasting
  7182 | D:7      | Reached skill level 5 in Fighting
  7253 | D:7      | Reached skill level 5 in Conjurations
  7423 | D:7      | Noticed Menkaure
  7428 | D:7      | Killed Menkaure
  7429 | D:7      | Reached skill level 5 in Earth Magic
  7659 | D:7      | Reached skill level 6 in Fighting
  7663 | D:7      | Reached * piety under Vehumet
  7663 | D:7      | Offered knowledge of Magic Dart by Vehumet.
  7668 | D:7      | Learned a level 3 spell: Mephitic Cloud
  7804 | D:7      | Found a sacrificial altar of Ru.
  8101 | D:8      | Slain by an orc warrior

Illustrated notes

Levels and vault maps discovered:
D:1:      dpeg_arrival_rhombi, layout_basic, ebering_ecumenical_altar_rust,
          minivault_23
D:2:      layout_basic, uniq_crazy_yiuf_cottage
D:3:      layout_loops_ring, hangedman_decor_peaks_small, minivault_19,
          minmay_misc_feat_five
D:4:      layout_basic, nicolae_tso_besieged_by_evil, kennysheep_big_empty_room
D:5:      layout_layer_cave
D:6:      layout_rooms, mainiacjoe_overflow_brackets, temple_green
D:7:      layout_rooms, hangedman_ru_absence, uniq_menkaure
D:8:      layout_basic, mainiacjoe_overflow_six_doors_small, uniq_erica,
          uniq_pikel
Temple:   minmay_crystal_spiral_temple

Skill      XL: |  1  2  3  4  5  6  7  8 |
---------------+-------------------------+-----
Transmutations | 1 |  1.0
Fighting       | 1 2 3 4 6 |  6.0
Earth Magic    | 3 4 5 |  5.3
Conjurations   | 1 2 3 4 5 |  5.6
Spellcasting   | 3 4 5 |  5.7
Dodging        | |  1.7
Stealth        | |  1.7

Action                   |  1- 3 |  4- 6 |  7- 9 || total
-------------------------+-------+-------+-------++-------
Melee: Short sword       |    94 |   120 |    81 ||   295
       Headbutt          |    12 |    30 |    16 ||    58
       Punch             |     1 |     1 |     3 ||     5
 Cast: Sandblast         |     3 |    13 |     8 ||    24
       Stone Arrow       |       |     6 |    57 ||    63
  Use: Scroll            |       |       |     1 ||     1
 Stab: Sleeping          |    10 |     5 |       ||    15
       Distracted        |     1 |       |       ||     1
Armor: Robe              |    15 |    39 |    26 ||    80
Dodge: Dodged            |    60 |    73 |    97 ||   230
